 Dungeon Crawl Stone Soup version 0.27.1-3-gb3d3a73c9e (webtiles) character file.

Game seed: 13936816530834422333

160 horus123 the Slasher (level 5, -2/41 HPs)
             Began as a Human Gladiator on Oct 12, 2021.
             Killed from afar by Sigmund (7 damage)
             ... with a puff of flame
             ... on level 3 of the Dungeon.
             The game lasted 00:07:58 (3181 turns).

horus123 the Slasher (Human Gladiator)              Turns: 3181, Time: 00:07:59

Health: -2/41      AC: 10    Str: 15    XL:     5   Next: 69%
Magic:  7/7        EV: 12    Int:  9    God:
Gold:   107        SH:  0    Dex: 14    Spells: 5/7 levels left

rFire    . . .     SeeInvis .   a - +0 long sword
rCold    . . .     Faith    .   (no shield)
rNeg     . . .     Spirit   .   b - +1 leather armour
rPois    .         Reflect  .   c - +0 helmet
rElec    .         Harm     .   (no cloak)
rCorr    .         Rampage  .   (no gloves)
Will     .....                  o - +0 pair of boots
Stlth    +.........             (no amulet)
HPRegen  0.13/turn              f - +4 ring of protection
MPRegen  0.10/turn              (no ring)

@: slowed, very slow
A: no striking features
a: no special abilities


You were on level 3 of the Dungeon.
You visited 1 branch of the dungeon, and saw 3 of its levels.

You collected 107 gold pieces.

Inventory:

Hand Weapons
 a - a +0 long sword (weapon)
Missiles
 d - 3 throwing nets
Armour
 b - a +1 leather armour (worn)
 c - a +0 helmet (worn)
 o - a +0 pair of boots (worn)
Jewellery
 f - a +4 ring of protection (left hand)
 m - a ring of ice
Potions
 g - a potion of heal wounds {unknown}
 h - a potion of brilliance {unknown}
 j - 2 potions of lignification {unknown}
 k - a potion of haste {unknown}
 l - a potion of might {unknown}


   Skills:
 * Level 3.0 Fighting
 + Level 3.5 Long Blades
 + Level 2.2 Throwing
 + Level 1.2 Armour
 + Level 3.5 Dodging
 + Level 0.2 Stealth
 * Level 1.8 Spellcasting
 + Level 0.7 Conjurations
 + Level 0.5 Air Magic


You had 5 spell levels left.
You knew the following spells:

 Your Spells              Type           Power      Damage    Failure   Level
a - Shock                 Conj/Air       8%         1d3       32%         1
b - Foxfire               Conj/Fire      4%         2x1d4     34%         1

Your spell library contained the following spells:

 Spells                   Type           Power      Damage    Failure   Level
 Slow                     Hex            0%         N/A       54%         2
 Swiftness                Air            1%         N/A       69%         3
 Conjure Flame            Conj/Fire      1%         6-21      71%         3
 Confusing Touch          Hex            0%         N/A       77%         3
 Inner Flame              Hex/Fire       0%         N/A       77%         3
 Vampiric Draining        Necr           0%         2d6       77%         3
 Airstrike                Air            0%         N/A       97%         4
 Summon Forest            Summ/Tloc      0%         N/A       100%        5
 Eringya's Noxious Bog    Tmut/Pois      0%         N/A       100%        6
 Summon Hydra             Summ           0%         N/A       100%        7


Dungeon Overview and Level Annotations

Branches:
Dungeon (3/15)

Altars:

Annotations:
D:3 Jessica, Robin, Sigmund


Message History

Jessica points at you and mumbles some strange words.
You resist with some effort. Jessica hits you with a +0 club.
Jessica misses you.
You riposte.
You hit Jessica.
Jessica is heavily wounded.
The ball python completely misses you.
You riposte.
You hit the ball python.
You kill the ball python!
Jessica casts a spell at you. Pain shoots through your body!
Jessica barely misses you.
You riposte.
You closely miss Jessica.
Jessica is heavily wounded.
Jessica hits you but does no damage. Something hits you!
Jessica closely misses you. Jessica hits you but does no damage.
Jessica mumbles some strange words.
Jessica blinks!
Something hits you.
* * * LOW HITPOINT WARNING * * *
As you read the scroll of fear, it crumbles to dust.
You assume a fearsome visage.
Sigmund appears from thin air!
Reactivating autopickup.
Sigmund mumbles some strange words.
Sigmund flickers and vanishes!
Deactivating autopickup; reactivate with Ctrl-A.
Jessica points at you and mumbles some strange words.
Something writhes in agony.
Jessica casts a spell.
Jessica blinks!
A magic dart appears from out of thin air!
The magic dart hits you but does no damage.
A puff of flame appears from out of thin air!
The puff of flame hits you!
* * * LOW HITPOINT WARNING * * *
You see here 9 gold pieces.
Jessica gestures wildly.
Jessica is no longer moving quickly.
Jessica gestures at you while chanting.
You feel yourself slow down.
A puff of flame appears from out of thin air!
The puff of flame hits you!
You die...

#.....# #.###########.#
#.....# #.# #.#
#.{...###.# #†#
#.....@.#.# #.#
##.#......# #..
#.#.$....# #.#
#.#......##### ####.#
#.#......#...####.....
#..@...'...'.#..####
#.....##...#.#.##... .
####'###...#.#.#.#.#
#...####.......#.....#.#
...............#...#.#.#
#...############.#.##...
# #.....#..####
#.######..... #.# ##....


You could see Jessica.

Vanquished Creatures
  2 orc wizards (D:3)
  3 adders
  3 dart slugs
  4 orcs (D:3)
  7 ball pythons
  4 bats
  4 endoplasms
  4 giant cockroaches
  10 goblins
  3 hobgoblins
  3 jackals (D:2)
  4 quokkas
  3 frilled lizards
  6 kobolds
  11 rats
71 creatures vanquished.

Vanquished Creatures (others)
  4 foxfires (D:3)
4 creatures vanquished.

Grand Total: 75 creatures vanquished

Notes
Turn   | Place    | Note
-------+----------+-------------------------------------------
     0 | D:1      | horus123 the Human Gladiator began the quest for the Orb.
     0 | D:1      | Reached XP level 1. HP: 16/16 MP: 1/1
   213 | D:1      | Found a faded altar of an unknown god.
   217 | D:1      | Reached XP level 2. HP: 22/22 MP: 2/2
   590 | D:1      | Reached XP level 3. HP: 23/27 MP: 3/3
  1010 | D:1      | Learned a level 1 spell: Shock
  1747 | D:2      | Reached skill level 1 in Spellcasting
  1747 | D:2      | Reached XP level 4. HP: 34/34 MP: 0/5
  1768 | D:2      | Reached skill level 1 in Armour
  2512 | D:3      | Reached XP level 5. HP: 31/39 MP: 2/7
  2976 | D:3      | Noticed Sigmund
  2984 | D:3      | Learned a level 1 spell: Foxfire
  2989 | D:3      | Noticed Jessica
  3000 | D:3      | Noticed Robin
  3181 | D:3      | Killed from afar by Sigmund

Illustrated notes

Levels and vault maps discovered:
D:1:      minmay_arrival_jagged, layout_loops_ring,
          hellmonk_ecumenical_altar_pennies_from_heaven, kennysheep_doodads,
          minivault_5, corner_web_ring
D:2:      layout_loops_ring
D:3:      layout_basic, serial_shops, shop_statue, minmay_checkerbox,
          uniq_natasha, uniq_jessica, uniq_robin, uniq_sigmund

Skill      XL: |  1  2  3  4  5 |
---------------+----------------+-----
Spellcasting   | 1 |  1.8
Armour         | 1 |  1.2
Fighting       | 3 |  3.0
Long Blades    | |  3.5
Throwing       | |  2.2
Dodging        | |  3.5
Stealth        | |  0.2
Conjurations   | |  0.7
Air Magic      | |  0.5

Action                   |  1- 3 |  4- 6 || total
-------------------------+-------+-------++-------
Melee: Long sword        |    97 |    85 ||   182
 Cast: Shock             |    18 |    29 ||    47
       Foxfire           |       |     3 ||     3
  Use: Scroll            |     3 |     5 ||     8
 Stab: Sleeping          |     1 |       ||     1
       Distracted        |       |     1 ||     1
Armor: Leather armour    |    45 |    50 ||    95
Dodge: Dodged            |    62 |    81 ||   143
       Rpst.: Long sword |    25 |    30 ||    55
